| TOP OF THE 1ST |
|
Biloxi Shuckers batting - Pitching for San Jose Giants : LHP Jordan Ruiz
|
|
Pitching: LHP Jordan Ruiz
|
|
|
Batting: RHB Hector Silva
|
0-0: Swinging Strike 0-1: Fly out, F9 (Flyball, 9D, EV 103.8 MPH)
|
|
Batting: LHB Adam Hill
|
0-0: Ball 1-0: Ball 2-0: Ball 3-0: Base on Balls
|
|
Batting: RHB Eddie McCoy
|
0-0: Called Strike 0-1: Grounds into double play, 5-4-3 (Groundball, 5, EV 101.9 MPH)
|
| Top of the 1st over - 0 runs, 0 hits, 0 errors, 0 left on base; Biloxi 0 - San Jose 0 |
| BOTTOM OF THE 1ST |
|
San Jose Giants batting - Pitching for Biloxi Shuckers : RHP Jeff Swomley
|
|
Pitching: RHP Jeff Swomley
|
|
|
Batting: LHB Gil Caraveo
|
0-0: Ball 1-0: Called Strike 1-1: Ball 2-1: Ground out U3 (Groundball, 34S, EV 89.4 MPH)
|
|
Batting: RHB Frank Pena
|
0-0: Swinging Strike 0-1: Ball 1-1: Ball 2-1: Foul Ball, location: 2F 2-2: Ball 3-2: Base on Balls
|
|
Batting: LHB Oscar Tamayo
|
0-0: Foul Ball, location: 2F 0-1: Grounds into double play, 1-4-3 (Groundball, 15S, EV 70.6 MPH)
|
| Bottom of the 1st over - 0 runs, 0 hits, 0 errors, 0 left on base; Biloxi 0 - San Jose 0 |
| TOP OF THE 2ND |
|
Biloxi Shuckers batting - Pitching for San Jose Giants : LHP Jordan Ruiz
|
|
Batting: RHB Cameron Rattenbury
|
0-0: Ball 1-0: Called Strike 1-1: Foul Ball, location: 2F 1-2: Strikes out swinging
|
|
Batting: RHB Josh Nelson
|
0-0: Ball 1-0: Foul Ball, location: 2F 1-1: Ball 2-1: Ball 3-1: Base on Balls
|
|
Batting: RHB Bobby Heagle
|
0-0: Ball 1-0: Ball 2-0: Called Strike 2-1: Foul Ball, location: 2F 2-2: Ball 3-2: Foul Ball, location: 2F 3-2: Foul Ball, location: 2F 3-2: Foul Ball, location: 2F 3-2: Strikes out swinging
|
|
Batting: RHB Leo Serrano
|
0-0: Swinging Strike 0-1: Swinging Strike 0-2: Ball 1-2: Ball 2-2: Ball 3-2: Foul Ball, location: 2F 3-2: Strikes out swinging
|
| Top of the 2nd over - 0 runs, 0 hits, 0 errors, 1 left on base; Biloxi 0 - San Jose 0 |
| BOTTOM OF THE 2ND |
|
San Jose Giants batting - Pitching for Biloxi Shuckers : RHP Jeff Swomley
|
|
Batting: LHB Steve Nevis
|
0-0: Ball 1-0: Called Strike 1-1: Foul Ball, location: 2F 1-2: Ground out U3 (Groundball, 3, EV 85.0 MPH)
|
|
Batting: RHB Coen Dirks
|
0-0: Ball 1-0: Fly out, F9 (Flyball, 9D, EV 90.0 MPH)
|
|
Batting: RHB Josh Truell
|
0-0: Ball 1-0: Foul Ball, location: 2F 1-1: SINGLE (Groundball, 5S, EV 72.5 MPH) (infield hit)
|
|
Batting: LHB Takaaki Nishimoto
|
0-0: Called Strike 0-1: Called Strike 0-2: Ball 1-2: Ball 2-2: Ball 3-2: Base on Balls Josh Truell to second
|
|
Batting: RHB Bob Schweiger
|
0-0: Swinging Strike 0-1: Called Strike 0-2: Strikes out looking
|
| Bottom of the 2nd over - 0 runs, 1 hit, 0 errors, 2 left on base; Biloxi 0 - San Jose 0 |
| TOP OF THE 3RD |
|
Biloxi Shuckers batting - Pitching for San Jose Giants : LHP Jordan Ruiz
|
|
Batting: RHB Brian Landrum
|
0-0: Swinging Strike 0-1: Ball 1-1: Swinging Strike 1-2: DOUBLE (Line Drive, 3D, EV 111.2 MPH)
|
|
Batting: SHB Orlando Torres
|
0-0: Called Strike 0-1: Foul Ball, location: 2F 0-2: Ball 1-2: Strikes out swinging, 2-3 out at first.
|
|
Batting: RHB Hector Silva
|
0-0: Ball Wild Pitch! Brian Landrum to third 1-0: Ball 2-0: Ball 3-0: Base on Balls
|
|
Batting: LHB Adam Hill
|
0-0: Swinging Strike 0-1: Ball 1-1: Called Strike 1-2: Ball 2-2: Strikes out swinging
|
|
Batting: RHB Eddie McCoy
|
0-0: Foul Ball, location: 2F 0-1: Foul Ball, location: 2F 0-2: Strikes out swinging
|
| Top of the 3rd over - 0 runs, 1 hit, 0 errors, 2 left on base; Biloxi 0 - San Jose 0 |
| BOTTOM OF THE 3RD |
|
San Jose Giants batting - Pitching for Biloxi Shuckers : RHP Jeff Swomley
|
|
Batting: RHB Teruhide Horiuchi
|
0-0: Foul Ball, location: 2F 0-1: Ground out 4-3 (Groundball, 4, EV 86.9 MPH)
|
|
Batting: LHB Gil Caraveo
|
0-0: Ball 1-0: Ball 2-0: Foul Ball, location: 2F 2-1: Ball 3-1: Foul Ball, location: 2F 3-2: Foul Ball, location: 2F 3-2: DOUBLE (Line Drive, 8LD, EV 105.0 MPH)
|
|
Batting: RHB Frank Pena
|
0-0: Ball 1-0: Ball 2-0: Ball 3-0: Base on Balls
|
|
Batting: LHB Oscar Tamayo
|
0-0: Swinging Strike 0-1: Ball 1-1: Called Strike 1-2: Strikes out swinging
|
|
Batting: LHB Steve Nevis
|
0-0: Called Strike 0-1: Ball 1-1: DOUBLE (Groundball, 5L, EV 106.9 MPH) Gil Caraveo scores Frank Pena to third Runner from 3rd tries for Home, SAFE, no throw by LF
|
|
Batting: RHB Coen Dirks
|
0-0: Reached on error, E5 (Groundball, 56, EV 78.8 MPH) Steve Nevis to third
|
|
Batting: RHB Josh Truell
|
0-0: Swinging Strike 0-1: Called Strike 0-2: Foul Ball, location: 2F 0-2: Ball 1-2: Ball 2-2: Strikes out swinging
|
| Bottom of the 3rd over - 2 runs, 2 hits, 1 error, 2 left on base; Biloxi 0 - San Jose 2 |
| TOP OF THE 4TH |
|
Biloxi Shuckers batting - Pitching for San Jose Giants : LHP Jordan Ruiz
|
|
Batting: RHB Cameron Rattenbury
|
0-0: Called Strike 0-1: Foul Ball, location: 2F 0-2: Strikes out swinging
|
|
Batting: RHB Josh Nelson
|
0-0: Called Strike 0-1: Ball 1-1: Ball 2-1: DOUBLE (Flyball, 8LXD, EV 93.8 MPH)
|
|
Batting: RHB Bobby Heagle
|
0-0: Called Strike 0-1: Foul Ball, location: 2F 0-2: Ball 1-2: Ball 2-2: SINGLE (Flyball, 78S, EV 94.4 MPH) Josh Nelson to third Runner from 3rd tries for Home, SAFE, throw by LF to home
|
|
Batting: RHB Leo Serrano
|
0-0: Ball 1-0: Ball Bobby Heagle steals 2nd base 2-0: Called Strike 2-1: Foul Ball, location: 2F 2-2: Ground out 4-3 (Groundball, 4, EV 83.8 MPH) Bobby Heagle to third
|
|
Batting: RHB Brian Landrum
|
0-0: Ground out 6-3 (Groundball, 6MS, EV 73.1 MPH)
|
| Top of the 4th over - 1 run, 2 hits, 0 errors, 1 left on base; Biloxi 1 - San Jose 2 |
| BOTTOM OF THE 4TH |
|
San Jose Giants batting - Pitching for Biloxi Shuckers : RHP Jeff Swomley
|
|
Batting: LHB Takaaki Nishimoto
|
0-0: Foul Ball, location: 2F 0-1: Ball 1-1: Ball 2-1: Foul Ball, location: 2F 2-2: Ball 3-2: Foul Ball, location: 2F 3-2: Foul Ball, location: 2F 3-2: Ground out 4-3 (Groundball, 34D, EV 101.2 MPH)
|
|
Batting: RHB Bob Schweiger
|
0-0: Ball 1-0: Ball 2-0: Ball 3-0: Base on Balls
|
|
Batting: RHB Teruhide Horiuchi
|
0-0: SINGLE (Groundball, 6MD, EV 104.4 MPH) Bob Schweiger to second Runner from 2nd tries for 3rd, SAFE, no throw by CF
|
|
Batting: LHB Gil Caraveo
|
0-0: Called Strike 0-1: Foul Ball, location: 2F 0-2: Strikes out swinging
|
|
Batting: RHB Frank Pena
|
0-0: Called Strike 0-1: Swinging Strike 0-2: 3-RUN HOME RUN (Flyball, 9LD, EV 93.8 MPH), Distance : 355 ft
|
|
Batting: LHB Oscar Tamayo
|
0-0: Called Strike 0-1: Swinging Strike 0-2: Ball 1-2: Strikes out swinging
|
| Bottom of the 4th over - 3 runs, 2 hits, 0 errors, 0 left on base; Biloxi 1 - San Jose 5 |
| TOP OF THE 5TH |
|
Biloxi Shuckers batting - Pitching for San Jose Giants : LHP Jordan Ruiz
|
|
Batting: SHB Orlando Torres
|
0-0: Ball 1-0: Ball 2-0: Foul Ball, location: 2F 2-1: Ball 3-1: Base on Balls
|
|
Batting: RHB Hector Silva
|
0-0: Ball 1-0: Ball 2-0: Ball 3-0: Called Strike 3-1: Base on Balls Orlando Torres to second
|
|
Batting: LHB Adam Hill
|
0-0: Ball 1-0: Fly out, F5 (Line Drive, 5, EV 71.2 MPH)
|
|
Batting: RHB Eddie McCoy
|
0-0: Called Strike 0-1: Ball 1-1: Foul Ball, location: 2F 1-2: Ball 2-2: Foul Ball, location: 2F 2-2: Foul Ball, location: 2F 2-2: DOUBLE (Groundball, 5L, EV 105.6 MPH) Orlando Torres scores Hector Silva to third
|
|
Pitching: RHP Sanya Mikushevich
|
|
|
Batting: RHB Cameron Rattenbury
|
0-0: Ball 1-0: Ground out 6-3 (Groundball, 6, EV 84.4 MPH) Hector Silva scores
|
|
Batting: RHB Josh Nelson
|
0-0: Ball 1-0: Ball 2-0: Ball 3-0: Called Strike 3-1: Base on Balls
|
|
Batting: RHB Bobby Heagle
|
0-0: Ball 1-0: Foul Ball, location: 2F 1-1: Fielders Choice at 2nd, 6-4 (Groundball, 6, EV 78.8 MPH)
|
| Top of the 5th over - 2 runs, 1 hit, 0 errors, 2 left on base; Biloxi 3 - San Jose 5 |
| BOTTOM OF THE 5TH |
|
San Jose Giants batting - Pitching for Biloxi Shuckers : RHP Jeff Swomley
|
|
Pitching: RHP Chris Bedard
|
|
|
Batting: LHB Steve Nevis
|
0-0: Ball 1-0: Ball 2-0: Ball 3-0: Called Strike 3-1: Foul Ball, location: 2F 3-2: Strikes out swinging
|
|
Batting: RHB Coen Dirks
|
0-0: Ball 1-0: Foul Ball, location: 2F 1-1: Foul Ball, location: 2F 1-2: Ground out 4-3 (Groundball, 34, EV 79.4 MPH)
|
|
Batting: RHB Josh Truell
|
0-0: Swinging Strike 0-1: Foul Ball, location: 2F 0-2: Ball 1-2: Ball 2-2: Reached on error, E3 (Groundball, 34, EV 87.5 MPH)
|
|
Batting: LHB Takaaki Nishimoto
|
0-0: Foul Ball, location: 2F 0-1: Ground out 1-3 (Groundball, 13S, EV 68.8 MPH)
|
| Bottom of the 5th over - 0 runs, 0 hits, 1 error, 1 left on base; Biloxi 3 - San Jose 5 |
| TOP OF THE 6TH |
|
Biloxi Shuckers batting - Pitching for San Jose Giants : RHP Sanya Mikushevich
|
|
Batting: RHB Leo Serrano
|
0-0: Foul Ball, location: 2F 0-1: Foul Ball, location: 2F 0-2: Ball 1-2: Strikes out swinging
|
|
Batting: RHB Brian Landrum
|
0-0: Ball 1-0: Ball 2-0: Called Strike 2-1: Fly out, F7 (Flyball, 7LD, EV 85.6 MPH)
|
|
Pitching: RHP Sam Drews
|
|
|
Batting: SHB Orlando Torres
|
0-0: Ball 1-0: Foul Ball, location: 2F 1-1: Foul Ball, location: 2F 1-2: Strikes out swinging
|
| Top of the 6th over - 0 runs, 0 hits, 0 errors, 0 left on base; Biloxi 3 - San Jose 5 |
| BOTTOM OF THE 6TH |
|
San Jose Giants batting - Pitching for Biloxi Shuckers : RHP Chris Bedard
|
|
Batting: RHB Bob Schweiger
|
0-0: Called Strike 0-1: Ball 1-1: Ball 2-1: Fly out, F6 (Line Drive, 6, EV 64.4 MPH)
|
|
Batting: RHB Teruhide Horiuchi
|
0-0: Called Strike 0-1: Foul Ball, location: 2F 0-2: Strikes out swinging
|
|
Batting: LHB Gil Caraveo
|
0-0: Ground out 5-3 (Groundball, 56, EV 110.0 MPH)
|
| Bottom of the 6th over - 0 runs, 0 hits, 0 errors, 0 left on base; Biloxi 3 - San Jose 5 |
| TOP OF THE 7TH |
|
Biloxi Shuckers batting - Pitching for San Jose Giants : RHP Sam Drews
|
|
Batting: RHB Hector Silva
|
0-0: Ball 1-0: Swinging Strike 1-1: SINGLE (Groundball, 6MD, EV 76.9 MPH) (infield hit)
|
|
Batting: LHB Adam Hill
|
0-0: Ball Hector Silva steals 2nd base 1-0: Swinging Strike 1-1: Ball 2-1: Ball 3-1: Base on Balls
|
|
Batting: RHB Eddie McCoy
|
0-0: Called Strike 0-1: Foul Ball, location: 2F 0-2: Ball 1-2: Ball 2-2: SINGLE (Groundball, 4MD, EV 107.5 MPH) Hector Silva to third Adam Hill to second Runner from 3rd tries for Home, SAFE, throw by CF to home
|
|
Pinch Hitting: SHB Mike Williams
|
0-0: Called Strike 0-1: Called Strike 0-2: Ball 1-2: Fly out, F6 (Popup, 6M, EV 58.8 MPH)
|
|
Batting: RHB Josh Nelson
|
0-0: Foul Ball, location: 2F 0-1: Foul Ball, location: 2F 0-2: Ball 1-2: Ball 2-2: Ball 3-2: Base on Balls Adam Hill to third Eddie McCoy to second
|
|
Pitching: RHP Peter Ellis
|
|
|
Batting: RHB Bobby Heagle
|
0-0: Ball 1-0: Foul Ball, location: 2F 1-1: Ball 2-1: Foul Ball, location: 2F 2-2: Foul Ball, location: 2F 2-2: Ball 3-2: Base on Balls Adam Hill scores Eddie McCoy to third Josh Nelson to second
|
|
Batting: RHB Leo Serrano
|
0-0: Ball 1-0: Called Strike 1-1: Fly out, F7 (Flyball, 7LS, EV 84.4 MPH)
|
|
Batting: RHB Brian Landrum
|
0-0: Called Strike 0-1: Called Strike 0-2: DOUBLE (Line Drive, 89D, EV 108.1 MPH) Eddie McCoy scores Josh Nelson scores Bobby Heagle to third Runner from 3rd tries for Home, SAFE, no throw by RF
|
|
Batting: SHB Orlando Torres
|
0-0: Intentional Walk
|
|
Batting: RHB Hector Silva
|
0-0: Called Strike 0-1: Ball 1-1: SINGLE (Line Drive, 7LS, EV 108.8 MPH) Brian Landrum to third Orlando Torres to second
|
|
Batting: LHB Adam Hill
|
0-0: Called Strike 0-1: Ball 1-1: Foul Ball, location: 2F 1-2: Ball 2-2: Ball 3-2: Base on Balls Brian Landrum scores Orlando Torres to third Hector Silva to second
|
|
Pitching: RHP Brian Yinger
|
|
|
Batting: RHB Eddie McCoy
|
0-0: Ball 1-0: Ball 2-0: Ball 3-0: Base on Balls Orlando Torres scores Hector Silva to third Adam Hill to second
|
|
Batting: SHB Mike Williams
|
0-0: Ball 1-0: SINGLE (Flyball, 89M, EV 90.0 MPH) Hector Silva scores Adam Hill to third Eddie McCoy to second Runner from 3rd tries for Home, SAFE, throw by RF to home
|
|
Batting: RHB Josh Nelson
|
0-0: Called Strike 0-1: Ball 1-1: Foul Ball, location: 2F 1-2: Foul Ball, location: 2F 1-2: SINGLE (Line Drive, 78M, EV 94.4 MPH) Eddie McCoy to third Mike Williams to second Runner from 3rd tries for Home, SAFE, throw by LF to home
|
|
Batting: RHB Bobby Heagle
|
0-0: Foul Ball, location: 2F 0-1: Swinging Strike 0-2: Ball 1-2: Ball 2-2: Strikes out swinging
|
| Top of the 7th over - 10 runs, 6 hits, 0 errors, 2 left on base; Biloxi 13 - San Jose 5 |
| BOTTOM OF THE 7TH |
|
San Jose Giants batting - Pitching for Biloxi Shuckers : RHP Chris Bedard
|
|
Now in CF: Mike Williams
|
|
|
Pinch Hitting: RHB Ryan Bentz
|
0-0: Fly out, F8 (Flyball, 89M, EV 85.6 MPH)
|
|
Batting: LHB Oscar Tamayo
|
0-0: Foul Ball, location: 2F 0-1: Ball 1-1: Foul Ball, location: 2F 1-2: Ball 2-2: Foul Ball, location: 2F 2-2: Ball 3-2: Ground out 5-3 (Groundball, 56D, EV 90.6 MPH)
|
|
Batting: LHB Steve Nevis
|
0-0: Ball 1-0: Called Strike 1-1: Ball 2-1: SINGLE (Groundball, 6D, EV 93.8 MPH)
|
|
Batting: RHB Coen Dirks
|
0-0: Called Strike 0-1: SINGLE (Line Drive, 6D, EV 101.9 MPH) Steve Nevis to second
|
|
Batting: RHB Josh Truell
|
0-0: Swinging Strike 0-1: Ball 1-1: Foul Ball, location: 2F 1-2: Ball 2-2: Strikes out swinging
|
| Bottom of the 7th over - 0 runs, 2 hits, 0 errors, 2 left on base; Biloxi 13 - San Jose 5 |
| TOP OF THE 8TH |
|
Biloxi Shuckers batting - Pitching for San Jose Giants : RHP Brian Yinger
|
|
Now in LF: Ryan Bentz
|
|
|
Batting: RHB Leo Serrano
|
0-0: Swinging Strike 0-1: SINGLE (Groundball, 56S, EV 75.6 MPH) (infield hit)
|
|
Pitching: LHP Jimmy Heinecke
|
|
|
Batting: RHB Brian Landrum
|
0-0: Foul Ball, location: 2F 0-1: Ball 1-1: Foul Ball, location: 2F 1-2: Ball 2-2: Foul Ball, location: 2F 2-2: Strikes out swinging
|
|
Batting: SHB Orlando Torres
|
0-0: Called Strike 0-1: Grounds into double play, 5-4-3 (Groundball, 56, EV 97.5 MPH)
|
| Top of the 8th over - 0 runs, 1 hit, 0 errors, 0 left on base; Biloxi 13 - San Jose 5 |
| BOTTOM OF THE 8TH |
|
San Jose Giants batting - Pitching for Biloxi Shuckers : RHP Chris Bedard
|
|
Batting: LHB Takaaki Nishimoto
|
0-0: Called Strike 0-1: Ball 1-1: Ground out U3 (Groundball, 3L, EV 100.0 MPH)
|
|
Batting: RHB Bob Schweiger
|
0-0: Ball 1-0: SINGLE (Groundball, 6MD, EV 102.5 MPH)
|
|
Pitching: LHP Randy Yarrigle
|
|
|
Batting: RHB Teruhide Horiuchi
|
0-0: SINGLE (Groundball, 6M, EV 103.1 MPH) (infield hit) Bob Schweiger to second
|
|
Batting: LHB Gil Caraveo
|
0-0: Ball 1-0: SINGLE (Groundball, 6M, EV 96.9 MPH) Bob Schweiger to third Teruhide Horiuchi to second
|
|
Batting: RHB Ryan Bentz
|
0-0: Ball 1-0: Fielders Choice at 2nd, 3-6 (Groundball, 34, EV 81.9 MPH) Bob Schweiger scores Teruhide Horiuchi to third
|
|
Batting: LHB Oscar Tamayo
|
0-0: Ball 1-0: Called Strike 1-1: Ball 2-1: Foul Ball, location: 2F 2-2: Foul Ball, location: 2F 2-2: Ball 3-2: Foul Ball, location: 2F 3-2: Base on Balls Ryan Bentz to second
|
|
Batting: LHB Steve Nevis
|
0-0: Ball 1-0: Called Strike 1-1: Swinging Strike 1-2: Ball 2-2: Fielders Choice at 2nd, U6 (Groundball, 6M, EV 109.4 MPH)
|
| Bottom of the 8th over - 1 run, 3 hits, 0 errors, 3 left on base; Biloxi 13 - San Jose 6 |
| TOP OF THE 9TH |
|
Biloxi Shuckers batting - Pitching for San Jose Giants : LHP Jimmy Heinecke
|
|
Batting: RHB Hector Silva
|
0-0: Ball 1-0: Foul Ball, location: 2F 1-1: Ball 2-1: Ball 3-1: Foul Ball, location: 2F 3-2: Foul Ball, location: 2F 3-2: Base on Balls
|
|
Batting: LHB Adam Hill
|
0-0: Ball 1-0: Swinging Strike 1-1: SINGLE (Line Drive, 78S, EV 85.6 MPH) Hector Silva to second
|
|
Pitching: RHP Ricky Fo
|
|
|
Batting: RHB Eddie McCoy
|
0-0: Called Strike 0-1: Ball 1-1: Swinging Strike 1-2: Ball 2-2: Strikes out swinging
|
|
Batting: SHB Mike Williams
|
0-0: Called Strike 0-1: Foul Ball, location: 2F 0-2: Ball 1-2: Ball 2-2: Ball 3-2: Base on Balls Hector Silva to third Adam Hill to second
|
|
Batting: RHB Josh Nelson
|
0-0: Foul Ball, location: 2F 0-1: Grounds into double play, 6-4-3 (Groundball, 6MD, EV 89.4 MPH)
|
| Top of the 9th over - 0 runs, 1 hit, 0 errors, 2 left on base; Biloxi 13 - San Jose 6 |
| BOTTOM OF THE 9TH |
|
San Jose Giants batting - Pitching for Biloxi Shuckers : LHP Randy Yarrigle
|
|
Batting: RHB Coen Dirks
|
0-0: Called Strike 0-1: Ball 1-1: Ground out 1-3 (Groundball, P, EV 71.2 MPH)
|
|
Batting: RHB Josh Truell
|
0-0: Ball 1-0: Fly out, F7 (Flyball, 7S, EV 86.9 MPH)
|
|
Batting: LHB Takaaki Nishimoto
|
0-0: Fly out, F8 (Flyball, 8LM, EV 93.8 MPH)
|
| Bottom of the 9th over - 0 runs, 0 hits, 0 errors, 0 left on base; Biloxi 13 - San Jose 6 |
|